 Dungeon Crawl Stone Soup version 0.26-a0-665-gefeb406119 (webtiles) character file.

Game seed: 17305165618661132972

1423980 marklar909 the Formicid Barricade (level 27, -12/336 HPs)
             Began as a Formicid Earth Elementalist on Oct 15, 2020.
             Was a High Priest of the Shining One.
             Killed by divine providence
             ... invoked by a greater mummy
              (16 damage)
             ... on level 3 of the Tomb of the Ancients on Oct 16, 2020.
             The game lasted 07:48:38 (155952 turns).

marklar909 the Formicid Barricade (FoEE)          Turns: 155952, Time: 07:48:39

Health: -12/336    AC: 36    Str: 26      XL:     27
Magic:  1/50       EV:  2    Int: 15 (16) God:    the Shining One [*****.]
Gold:   10959      SH: 38    Dex: 16      Spells: 20/64 levels left

rFire    + . .     SeeInvis .   a - +8 eveningstar of Watchfulness {venom, +Blink Str+2 Dex+5}
rCold    + . .     Faith    .   e - +6 tower shield {AC+3}
rNeg     + + +     Spirit   .   (armour currently unavailable)
rPois    +         Reflect  +   (helmet unavailable)
rElec    +         Harm     .   (cloak currently unavailable)
rCorr    .         Rampage  .   (gloves currently unavailable)
MR       ++++.     Clarity  +   (boots currently unavailable)
Stlth    ++........             c - amulet "Fenef" {Reflect rElec rF+ SH+5}
HPRegen  0.66/turn              u - ring of protection from cold
MPRegen  0.32/turn              s - ring "Socw" {rElec rPois MR++ Int-3 Slay+3}

@: tree-form, glowing
A: permanent stasis, dig shafts and tunnels, four strong arms, repulsion field
1, clarity, deterioration 1, frail 1, high mp 1, sense surroundings 1, strong 1,
evolution 1, subdued magic 1
}: 14/15 runes: decaying, serpentine, slimy, silver, iron, obsidian, icy, bone,
abyssal, demonic, glowing, magical, fiery, dark
a: Divine Shield, Cleansing Flame, Summon Divine Warrior, Renounce Religion


You were on level 3 of the Tomb of the Ancients.
You worshipped the Shining One.
The Shining One was extremely pleased with you.
You were a tree.
You visited 17 branches of the dungeon, and saw 89 of its levels.
You visited Pandemonium 1 time, and saw 9 of its levels.
You visited the Abyss 4 times.
You visited 1 ziggurat, and saw 11 of its levels.
You also visited: Trove.

You collected 14171 gold pieces.
You spent 3212 gold pieces at shops.

Inventory:

Hand Weapons
 a - the +8 eveningstar of Watchfulness (weapon) {venom, +Blink Str+2 Dex+5}
   (You acquired it on level 2 of the Vaults)

   It poisons the flesh of those it strikes.
   It affects your strength (+2).
   It affects your dexterity (+5).
   It lets you blink.
 b - the +8 fustibalus "Puuwite" {speed, Dex+3}
   (You found it on level 7 of Tartarus)

   Attacks with this weapon are significantly faster.
   It affects your dexterity (+3).
 j - a +8 great mace of holy wrath
Missiles
 h - 1834 stones
 U - 12 curare-tipped darts (quivered)
Armour
 e - a +6 tower shield of protection (worn)
 x - the +0 cloak of Pathos (melded) {+Blink Str+6 SInv Stlth+}
   (You found it in Pandemonium)

   It affects your strength (+6).
   It lets you see invisible.
   It lets you blink.
   It makes you more stealthy.
 y - +6 gold dragon scales (melded)
 B - a +2 pair of boots of flying (melded)
 J - a +2 pair of gloves of strength (melded)
Jewellery
 c - the amulet "Fenef" (around neck) {Reflect rElec rF+ SH+5}
   (You bought it in a shop on level 3 of the Depths)

   [amulet of reflection]

   It shields you and reflects attacks.
   It protects you from fire.
   It insulates you from electricity.
   It affects your SH (+5).
 s - the ring "Socw" (right branch) {rElec rPois MR++ Int-3 Slay+3}
   (You found it in a treasure trove)

   [ring of poison resistance]

   It affects your intelligence (-3).
   It affects your accuracy and damage with ranged weapons and melee attacks
   (+3).
   It insulates you from electricity.
   It protects you from poison.
   It affects your resistance to hostile enchantments.
 u - a ring of protection from cold (left branch)
Wands
 A - a wand of disintegration (31)
 F - a wand of acid (48)
 R - a wand of digging (13)
Scrolls
 g - 3 scrolls of magic mapping
 k - a scroll of enchant weapon
 m - 8 scrolls of identify
 o - 40 scrolls of remove curse
 t - 3 scrolls of fear
 v - 4 scrolls of immolation
 z - 2 scrolls of silence
 G - 5 scrolls of holy word
 I - 11 scrolls of amnesia
 L - 13 scrolls of fog
 S - 3 scrolls of summoning
Potions
 f - 5 potions of resistance
 i - 3 potions of lignification
 l - 6 potions of brilliance
 p - 17 potions of curing
 q - 14 potions of cancellation
 r - 8 potions of mutation
 N - 7 potions of ambrosia
 O - a potion of might
Miscellaneous
 d - a phantom mirror
 E - a tin of tremorstones (3/3)
 V - a phial of floods


   Skills:
 O Level 27 Fighting
 O Level 27 Maces & Flails
 * Level 18.7(18.8) Slings
 - Level 3.6(12.2) Throwing
 O Level 27 Armour
 * Level 24.0 Dodging
 * Level 10.5 Stealth
 O Level 27 Shields
 + Level 0.6 Unarmed Combat
 * Level 19.0 Spellcasting
 * Level 10.6 Conjurations
 * Level 19.0 Transmutations
 + Level 1.1 Fire Magic
 * Level 24.3 Earth Magic
 * Level 16.4 Poison Magic
 O Level 27 Invocations
 * Level 7.7 Evocations


You had 20 spell levels left.
You knew the following spells:

 Your Spells              Type           Power        Failure   Level
a - Iron Shot             Conj/Erth      ######....   1%          6
b - Eringya's Noxious Bo  Tmut/Pois      ######....   1%          6
c - Irradiate             Conj/Tmut      #####.....   1%          5
d - Lee's Rapid Deconstr  Erth           ######....   0%          5
e - Olgreb's Toxic Radia  Pois           #####...     1%          4
f - Ignite Poison         Fire/Tmut/Pois #####...     1%          3
g - Shatter               Erth           ######....   16%         9
h - Statue Form           Tmut/Erth      ######...    1%          6

Your spell library contained the following spells:

 Spells                   Type           Power        Failure   Level
 Sandblast                Erth           ######       0%          1
 Sting                    Tmut/Pois      ####         0%          1
 Passwall                 Tmut/Erth      ######..     0%          2
 Spider Form              Tmut/Pois      ######....   0%          3
 Stone Arrow              Conj/Erth      ######       0%          3
 Petrify                  Tmut/Erth      ######..     0%          4
 Foxfire                  Conj/Fire      ###.         1%          1
 Magic Dart               Conj           ####         1%          1
 Shock                    Conj/Air       ###.         1%          1
 Poisonous Vapours        Pois/Air       ####..       1%          2
 Searing Ray              Conj           #####.       1%          2
 Conjure Flame            Conj/Fire      ###.....     1%          3
 Dazzling Flash           Conj/Hex       ###...       1%          3
 Mephitic Cloud           Conj/Pois/Air  ####....     1%          3
 Static Discharge         Conj/Air       ###.....     1%          3
 Ice Form                 Ice/Tmut       ####....     1%          4
 Leda's Liquefaction      Hex/Erth       #####.....   1%          4
 Alistair's Intoxication  Tmut/Pois      ######...    1%          5
 Bolt of Magma            Conj/Fire/Erth #####.....   1%          5
 Borgnjor's Vile Clutch   Necr/Erth      #####.....   1%          5
 Iskenderun's Battlesphe  Conj           #####...     1%          5
 Yara's Violent Unravell  Hex/Tmut       ####......   1%          5
 Hydra Form               Tmut           ######....   1%          6
 Dragon Form              Tmut           ######....   1%          7
 Animate Skeleton         Necr           ##....       2%          1
 Apportation              Tloc           ##....       2%          1
 Corona                   Hex            ##.....      2%          1
 Freeze                   Ice            ##..         2%          1
 Pain                     Necr           ##..         2%          1
 Summon Small Mammal      Summ           ##..         2%          1
 Sticky Flame             Conj/Fire      ###.....     2%          4
 Fulminant Prism          Conj/Hex       ###.......   3%          4
 Hailstorm                Conj/Ice       ###.....     3%          4
 Iskenderun's Mystic Bla  Conj/Tloc      ###.....     3%          4
 Call Imp                 Summ           ##......     4%          2
 Corpse Rot               Necr/Air       N/A          4%          2
 Ensorcelled Hibernation  Hex/Ice        ##....       4%          2
 Slow                     Hex            ##......     4%          2
 Sublimation of Blood     Necr           ##........   4%          2
 Inner Flame              Hex/Fire       ##......     7%          3
 Fireball                 Conj/Fire      ###.......   8%          5
 Call Canine Familiar     Summ           ##......     10%         3
 Confusing Touch          Hex            ##......     10%         3
 Frozen Ramparts          Ice            ##....       10%         3
 Gell's Gravitas          Tloc           ##........   10%         3
 Lesser Beckoning         Tloc           ##........   10%         3
 Ozocubu's Armour         Ice            ##......     10%         3
 Portal Projectile        Hex/Tloc       ##....       10%         3
 Summon Guardian Golem    Hex/Summ       ##......     10%         3
 Tukima's Dance           Hex            ##......     10%         3
 Vampiric Draining        Necr           ##........   10%         3
 Lightning Bolt           Conj/Air       ###.......   10%         5
 Lehudib's Crystal Spear  Conj/Erth      ######....   16%         8
 Airstrike                Air            ##........   32%         4
 Animate Dead             Necr           ##........   32%         4
 Cause Fear               Hex            ##........   32%         4
 Dispel Undead            Necr           ##......     32%         4
 Passage of Golubria      Tloc           N/A          32%         4
 Summon Ice Beast         Ice/Summ       ##......     32%         4
 Summon Lightning Spire   Summ/Air       ##......     32%         4
 Orb of Destruction       Conj           #####.....   34%         7
 Starburst                Conj/Fire      ###.......   41%         6
 Conjure Ball Lightning   Conj/Air       ###.......   50%         6
 Agony                    Necr           ##......     67%         5
 Excruciating Wounds      Necr           ##........   67%         5
 Metabolic Englaciation   Hex/Ice        ##........   67%         5
 Silence                  Hex/Air        ##........   67%         5
 Summon Demon             Summ           ##........   67%         5
 Summon Forest            Summ/Tloc      ##........   67%         5
 Summon Mana Viper        Hex/Summ       ##......     67%         5
 Freezing Cloud           Conj/Ice/Air   ###.......   77%         6
 Spellforged Servitor     Conj/Summ      ###.......   98%         7
 Death Channel            Necr           ##........   99%         6
 Dispersal                Tloc           ##........   99%         6
 Invisibility             Hex            ##......     99%         6
 Ozocubu's Refrigeration  Ice            ##........   99%         6
 Shadow Creatures         Summ           N/A          99%         6
 Simulacrum               Ice/Necr       ##........   99%         6
 Necromutation            Tmut/Necr      ####......   99%         8
 Haunt                    Necr/Summ      ##........   100%        7
 Malign Gateway           Summ/Tloc      ##........   100%        7
 Monstrous Menagerie      Summ           ##........   100%        7
 Summon Greater Demon     Summ           ##........   100%        7
 Summon Hydra             Summ           ##........   100%        7
 Borgnjor's Revivificati  Necr           ##........   100%        8
 Chain Lightning          Conj/Air       ###.......   100%        8
 Discord                  Hex            ##........   100%        8
 Disjunction              Tloc           ##........   100%        8
 Ignition                 Fire           ##........   100%        8
 Infestation              Necr           ##........   100%        8
 Summon Horrible Things   Summ           ##........   100%        8
 Absolute Zero            Ice            ##........   100%        9
 Death's Door             Necr           ##........   100%        9
 Fire Storm               Conj/Fire      ###.......   100%        9
 Tornado                  Air            ##........   100%        9
 Blink                    Tloc           Unusable     N/A         2
 Swiftness                Air            Unusable     N/A         2

Dungeon Overview and Level Annotations

Branches:
Dungeon (15/15)            Temple (0/1) D:6            Lair (6/6) D:11
  Swamp (4/4) Lair:4        Snake (4/4) Lair:3        Slime (5/5) Lair:5
    Orc (2/2) D:9             Elf (3/3) Orc:2        Vaults (5/5) D:13
  Crypt (3/3) Vaults:3       Tomb (3/3) Crypt:3      Depths (5/5) D:15
   Hell (visited)             Dis (7/7) Hell            Geh (7/7) Hell
    Coc (7/7) Hell            Tar (7/7) Hell            Zot (5/5) Depths:5

Altars:
Elyvilon
Gozag
Hepliaklqana
Makhleb
Qazlal
Ru
Sif Muna
Trog
Vehumet
Wu Jian
Xom
The Shining One
Beogh
Jiyva
Lugonu

Shops:
D:15 !}}=   Orc:2 [[(*   Elf:3 *   Depths:3 =}=

Portals:
Hell: Depths:1 Depths:2 Depths:3 Depths:4 Depths:5
Abyss: Depths:1 Depths:4
Pandemonium: Depths:1 Depths:3

Annotations:
D:9 Maggie
Zot:5 exclusion: Orb Guardian


Innate Abilities, Weirdness & Mutations

You cannot be hasted, slowed, berserked, paralysed or teleported.
You can dig through walls and to a lower floor.
Your four strong arms can wield two-handed weapons with a shield.
((You have a pair of large antennae on your head. (SInv)))
You are surrounded by a mild repulsion field. (EV +2)
You possess an exceptional clarity of mind.
Your body sometimes deteriorates upon taking damage.
You are frail. (-10% HP)
You have an increased reservoir of magic. (+10% MP)
You passively map a small area around you.
Your muscles are strong. (Str +2)
You evolve.
Your spells are a little easier to cast, but a little less powerful.


Message History

The golden flame engulfs the emperor scorpion!!
The emperor scorpion is almost dead.
The golden flame engulfs the greater mummy!!!!
The greater mummy writhes in agony!
The greater mummy is almost destroyed.
The golden flame engulfs the emperor scorpion!
The emperor scorpion is almost dead.
The golden flame engulfs the greater mummy!!!
The greater mummy writhes in agony!
The greater mummy is moderately damaged.
You block the emperor scorpion's attack. x2
The emperor scorpion claws you.
* * * LOW HITPOINT WARNING * * *
The emperor scorpion stings you but does no damage.
The emperor scorpion claws you.
* * * LOW HITPOINT WARNING * * *
You block the emperor scorpion's attack.
The greater mummy casts a spell at you. Something smites you!
You die...

****** ######## ******* **,,,,**
#....†.# **,,,,,**
**,,,,,,**#..^††.#**,,^,,,,**
**,,,,,,,,*#.§♣†?/#*,,,,,,,,,**
**,,,,,,,,,*#.sAs†.#*,,,,,,,,,,*
**,,,,,,,,,,{#.MsM.†#,,,,,,,,,,,,
*,,,,,,,,,,,,#s.s...#,,,,,,,,,,,,
,,,,,,,,,,,,,'......'.,,,,,,,,,,,
,,,,,,,,,,^,.#......#...,,,,,,,,,
,,,,,,,,,,,..#....M.#...,,,,,,,,,
,,,,,,,,,,$.*#......#*..,,,,,,,,,
,,,,,,,,,,,,*#......#*,,,,,,,,,,,


You could see 3 greater mummies, 5 emperor scorpions and a friendly daeva
(summoned).

Vanquished Creatures
  Asmodeus (Geh:7)
  the Royal Jelly (Slime:5)
  Ereshkigal (Tar:7)
  Gloorx Vloq (Pan)
  Lom Lobon (Pan)
  Mnoleg (Pan)
  4 ancient liches
  Dispater (Dis:7)
  Khufu (Crypt:1)
  2 orbs of fire
  Mennas (Crypt:3)
  Mara (Crypt:1)
  4 juggernauts
  Sojobo (Vaults:4)
  12 greater mummies
  13 shard shrikes
  Boris (twice) (Crypt:3 Tomb:2)
  Frederick (Vaults:4)
  3 pandemonium lords (Pan)
  A curse toe (Zot:5)
  Vashnia (Snake:3)
  6 golden dragons
  Nikola (Elf:3)
  7 caustic shrikes
  The ghost of Zonian the Slayer, an adept HOFi of Beogh (Vaults:1)
  Geryon (Hell)
  3 profane servitors
  38 bone dragons
  Jory (Crypt:3)
  25 doom hounds
  An electric golem (Zot:2)
  31 Brimstone Fiends
  8 iron giants
  63 Tzitzimimeh
  20 liches
  20 Ice Fiends
  21 tentacled monstrosities
  9 Hell Sentinels
  3 Orb Guardians (Zot:5)
  4 quicksilver dragons
  13 titans
  The ghost of halkony2012 the Hoplite, an adept MiFi of Okawaru (Swamp:4)
  5 deep elf master archers (Elf:3)
  6 deep elf blademasters
  23 tentacled starspawn
  2 thorn hunters
  26 Executioners
  9 sphinxes
  19 acid blobs
  6 death cobs
  Kirke (D:13)
  Agnes (Snake:4)
  16 ancient champions
  Murray (Depths:1)
  5 tengu reavers
  18 storm dragons
  38 shadow dragons
  Roxanne (Snake:3)
  8 draconian monks
  8 revenants
  16 fire giants
  10 nagarajas
  21 frost giants
  5 blood saints (Pan)
  15 vault wardens
  12 azure jellies
  A fire giant (shapeshifter) (Zig:6)
  6 cacodemons
  6 draconian knights
  2 daevas (Abyss:1)
  The ghost of runemasterragnar the Carver, an adept OpFi of Gozag (Depths:2)
  An orc warlord (Zig:4)
  12 deep elf sorcerers
  8 draconian scorchers
  6 curse skulls
  23 balrugs
  4 ghost moths
  5 ghouls (Crypt:2)
  Aizul (Snake:3)
  5 draconian shifters
  5 draconian stormcallers
  2 spriggan defenders
  Louise (D:15)
  5 warmongers (Pan)
  19 ironheart preservers
  2 angels (Abyss:1)
  6 deep elf elementalists
  3 iron dragons
  100 reapers
  11 draconian annihilators
  A juggernaut skeleton (Depths:1)
  12 war gargoyles
  20 very ugly things
  19 stone giants
  4 elemental wellsprings
  24 vampire knights
  11 purple draconians
  16 black draconians
  7 bennus
  A corrupter (Pan)
  A deep elf demonologist (Elf:2)
  15 green draconians
  7 lorocyprocas
  8 spark wasps
  10 deep elf annihilators
  8 white draconians
  21 yellow draconians
  4 black suns (Pan)
  7 red draconians
  9 green deaths
  26 blizzard demons
  15 quicksilver dragon zombies
  5 eidola
  13 death oozes (Slime:5)
  17 ettins
  3 deep elf high priests
  17 mummy priests
  6 deep elf death magi
  19 great orbs of eyes
  12 jiangshi
  5 kraken zombies
  19 naga warriors
  10 fire dragons
  20 yaktaur captains
  7 monstrous demonspawn
  Erolcha (D:9)
  A hydra (shapeshifter) (Depths:4)
  27 hydras
  7 ghost crabs
  11 rakshasas
  37 vault guards
  7 boulder beetles
  4 hell beasts
  33 ice dragons
  4 shambling mangroves
  A spriggan air mage (Depths:3)
  4 quicksilver dragon skeletons
  4 catoblepae
  8 anacondas
  13 centaur warriors
  15 ogre magi
  A merfolk aquamancer (Zig:2)
  12 alligators
  41 dancing weapons
  6 death knights
  A two-headed ogre (shapeshifter) (Depths:1)
  11 deep troll shamans
  An anaconda (shapeshifter) (Depths:2)
  33 two-headed ogres
  16 death yaks
  44 hell hogs
  75 starcursed masses
  A queen ant (Lair:3)
  3 orc high priests
  23 thrashing horrors
  15 titan zombies
  7 deep troll earth magi
  5 tengu warriors
  4 spriggan berserkers
  20 vampire magi
  47 death scarabs
  44 soul eaters
  8 shock serpents
  20 naga sharpshooters
  43 sun demons
  2 iron golems
  A shock serpent (shapeshifter) (Vaults:5)
  Sonja (Orc:2)
  16 deep elf knights
  11 sixfirhies
  21 wretched stars
  17 storm dragon zombies
  11 golden dragon zombies
  18 titan skeletons
  2 salamander mystics
  252 skeletal warriors
  6 iron trolls
  6 spatial maelstroms
  17 anaconda zombies
  2 ghost moth zombies
  38 shadow demons
  4 death drakes
  The ghost of robertstho the Frost Mage, a novice GnIE of Sif Muna (D:7)
  10 storm dragon skeletons
  11 swamp dragons
  2 swamp dragons (shapeshifter)
  15 wizards
  5 gelid demonspawn (Pan)
  119 hell knights
  10 golden dragon skeletons
  3 infernal demonspawn (Pan)
  20 flayed ghosts
  4 unseen horrors
  A spriggan druid (Swamp:4)
  29 deep trolls
  28 shadow wraiths
  16 ironbrand convokers
  9 glowing orange brains
  3 torturous demonspawn (Pan)
  7 tengu zombies
  11 naga ritualists
  17 deep elf archers
  18 anaconda skeletons
  5 wolf spider zombies
  48 phantasmal warriors
  13 shadow dragon zombies
  13 orc knights
  2 wolf spiders
  30 ugly things
  13 harpies
  A harpy (shapeshifter) (Depths:2)
  43 necromancers
  6 manticores
  3 mana vipers
  13 iron dragon zombies
  68 deep elf magi
  A faun (shapeshifter) (Elf:3)
  13 frost giant zombies
  An orb spider (shapeshifter) (Vaults:3)
  16 fire giant zombies
  7 orc sorcerers
  11 shadow dragon skeletons
  2 shining eyes
  9 stone giant zombies
  An oklob plant (Zot:1)
  10 cyclopes
  12 frost giant skeletons
  22 moths of wrath
  11 salamanders
  A cyclops (shapeshifter) (Depths:5)
  A guardian serpent (shapeshifter) (Depths:2)
  13 worldbinders
  15 elephants
  14 fire giant skeletons
  10 guardian serpents
  11 dire elephant zombies
  3 ice statues
  39 black mambas
  23 vault sentinels
  11 stone giant skeletons
  40 rust devils
  A torpor snail (Lair:2)
  7 apocalypse crabs
  5 centaur zombies
  12 molten gargoyles
  2 storm dragon simulacra
  2 black mambas (shapeshifter)
  6 shock serpent zombies
  14 iron dragon skeletons
  Psyche (D:9)
  4 eyes of devastation
  6 shock serpent skeletons
  26 orange demons
  30 naga magi
  46 hellions
  2 spriggan skeletons (Depths:1)
  A sea snake zombie (Crypt:2)
  19 cane toads
  2 gargoyles
  4 catoblepas zombies
  5 emperor scorpion zombies
  34 smoke demons
  2 yaktaur zombies
  13 efreet
  5 spectral swamp worms (Depths:1)
  A purple draconian zombie (Crypt:1)
  63 freezing wraiths
  6 dire elephant skeletons
  3 kobold demonologists
  3 rime drakes
  45 guardian mummies
  An anaconda simulacrum (Coc:6)
  10 demonic crawlers
  A yellow draconian skeleton (Crypt:2)
  80 tormentors
  19 hellwings
  10 komodo dragons
  A yaktaur (shapeshifter) (Vaults:1)
  43 yaktaurs
  4 tengu conjurers
  14 ancient zymes
  A merfolk (Zig:2)
  A purple draconian skeleton (Coc:2)
  A golden dragon simulacrum (Tar:2)
  A queen bee (shapeshifter) (Vaults:4)
  46 ice devils
  3 harpy zombies
  45 red devils
  28 hydra zombies
  5 silent spectres
  2 catoblepas skeletons
  6 human skeletons
  2 meliai (shapeshifter)
  3 meliai (D:14)
  2 polar bears
  2 jumping spiders (shapeshifter)
  A wolf spider simulacrum (Tomb:1)
  14 trolls
  2 wind drakes (shapeshifter)
  5 tyrant leeches
  130 slime creatures
  2 shadow dragon simulacra
  8 harpy skeletons
  19 hornets
  2 stone giant simulacra (Vaults:4)
  15 blink frogs
  11 ettin zombies
  39 raiju
  19 alligator zombies
  A guardian serpent skeleton (Crypt:1)
  2 frost giant simulacra
  13 hydra skeletons
  13 fire dragon zombies
  10 ice dragon zombies
  2 fire giant simulacra
  8 bog bodies
  7 alligator skeletons
  4 air elementals
  12 fire dragon skeletons
  269 flying skulls
  8 ice dragon skeletons
  60 shadows
  13 ettin skeletons
  14 ynoxinuls
  6 spriggans
  31 water elementals
  60 wraiths
  3 elf zombies
  2 wyverns
  2 basilisks (shapeshifter) (Depths:2)
  5 black mamba zombies
  15 ushabtiu
  27 vampires
  2 orc simulacra
  6 basilisks
  75 yaks
  24 golden eyes
  2 hogs
  60 large abominations
  36 fire elementals
  10 fire bats
  29 chaos spawn
  4 black mamba skeletons
  A tyrant leech zombie (Crypt:3)
  9 neqoxecs
  34 vampire mosquitoes
  19 soldier ants (Lair:3)
  12 swamp worms
  Edmund (D:4)
  4 wargs
  47 nagas
  18 insubstantial wisps
  A yaktaur simulacrum (Vaults:3)
  An acid dragon (D:14)
  112 hell hounds
  14 cane toad zombies
  2 deep troll skeletons
  8 spatial vortices
  4 hydra simulacra
  A merfolk skeleton (Geh:3)
  A faun skeleton (Crypt:3)
  12 water moccasins
  32 orc warriors
  A swamp drake (shapeshifter) (Abyss:1)
  2 sky beasts
  4 eyes of draining
  5 cane toad skeletons
  A hornet zombie (D:8)
  5 human zombies
  63 necrophages
  9 snapping turtle zombies
  14 swamp drakes
  16 ice beasts
  16 phantoms
  6 black bears
  2 alligator simulacra
  2 manticore zombies
  4 ice dragon simulacra
  31 ogres
  16 boggarts
  5 swamp dragon skeletons
  2 wolves (shapeshifter)
  5 swamp dragon zombies
  11 wolves
  A black mamba simulacrum (Coc:4)
  17 centaurs
  10 snapping turtle skeletons
  2 manticore skeletons
  7 big kobolds
  Blork the orc (D:4)
  31 bullfrogs
  2 elf skeletons
  An earth elemental (Elf:3)
  A tengu simulacrum (Depths:1)
  6 cane toad simulacra
  A scorpion (shapeshifter) (Depths:2)
  A scorpion (D:6)
  2 troll zombies
  A swamp dragon simulacrum (Coc:2)
  199 wights
  25 jellies
  An electric eel (D:12)
  A troll skeleton (Crypt:2)
  14 crimson imps
  5 lava snakes (Snake:1)
  2 bullfrog zombies
  2 basilisk zombies
  2 hounds
  A jelly (shapeshifter) (Depths:2)
  12 quasits
  4 bullfrog skeletons
  7 centaur skeletons
  28 orc priests
  Crazy Yiuf (D:3)
  33 iron imps
  33 orc wizards
  A gnoll shaman (D:8)
  Jessica (D:3)
  Natasha (twice) (D:4)
  5 hell rats
  11 iguanas
  33 worker ants
  38 small abominations
  A naga skeleton (Tar:3)
  A dwarf skeleton (Crypt:2)
  An ogre skeleton (Tar:1)
  A tengu skeleton (Pan)
  A hound zombie (Crypt:1)
  A hound skeleton (D:8)
  68 mummies
  A worker ant zombie (Crypt:1)
  A gnoll (shapeshifter) (Depths:2)
  9 gnolls
  11 adders
  A river rat (D:11)
  28 shadow imps
  44 white imps
  8 ufetubi
  8 oozes (D:3)
  A halfling skeleton (Crypt:3)
  3 adder skeletons
  A lava snake skeleton (Crypt:2)
  2 worms (shapeshifter)
  A dart slug (D:2)
  3 leopard geckos
  61 orcs
  5 ball pythons
  7 bats
  3 giant cockroaches
  4 goblins
  11 hobgoblins
  8 jackals
  16 kobolds
  3 quokkas
  6 frilled lizards
  A frilled lizard zombie (Crypt:1)
  A kobold zombie (Geh:7)
  2 orc skeletons
  A quokka skeleton (Crypt:1)
  A quokka zombie (D:5)
  A rat (shapeshifter) (Depths:2)
  5 rats
  A rat skeleton (Crypt:3)
  2 briar patches (Pan)
  A lurking horror (Abyss:3)
  15 starspawn tentacles
  9 tentacles
6475 creatures vanquished.

Vanquished Creatures (collateral kills)
  Antaeus (Coc:7)
  A pandemonium lord (Pan)
  the Serpent of Hell (Dis:7)
  A greater mummy (Tomb:3)
  A shard shrike (Coc:7)
  2 Tzitzimimeh
  2 liches
  2 Brimstone Fiends
  An iron giant (Dis:6)
  3 Ice Fiends
  A tentacled monstrosity (Zot:4)
  A Hell Sentinel (Dis:7)
  Asterion (Snake:4)
  A quicksilver dragon (Dis:7)
  6 ancient champions
  3 Executioners
  Donald (Orc:1)
  18 cacodemons
  A warmonger (Pan)
  2 war gargoyles (Dis:7)
  12 reapers
  3 bennus (Tomb:3)
  4 lorocyprocas
  A black sun (Pan)
  A vampire knight (Dis:7)
  4 mummy priests (Tomb:3)
  A green death (Dis:7)
  A quicksilver dragon zombie (Dis:3)
  3 hell beasts
  3 dancing weapons
  6 death scarabs (Tomb:3)
  3 hell hogs
  A titan zombie (Dis:1)
  3 storm dragon zombies
  3 soul eaters (Pan)
  11 sixfirhies (Pan)
  6 hell knights (Dis:7)
  16 skeletal warriors
  A flayed ghost (Dis:7)
  A ghost moth zombie (Dis:6)
  An infernal demonspawn (Pan)
  2 anaconda zombies
  2 phantasmal warriors
  A shadow dragon zombie (Dis:7)
  A wolf spider zombie (Dis:7)
  5 necromancers (Dis:7)
  A frost giant zombie (Dis:7)
  A shining eye (Slime:4)
  3 fire giant zombies
  3 stone giant zombies
  3 shock serpent zombies
  A moth of wrath (Zot:4)
  A stone giant skeleton (Dis:5)
  2 fire giant skeletons
  18 rust devils
  2 smoke demons (Pan)
  5 orange demons (Pan)
  7 hellions
  10 tormentors
  An emperor scorpion zombie (Dis:2)
  2 freezing wraiths
  2 hydra zombies (Dis:6)
  9 red devils
  4 ice devils
  A demonic crawler (Pan)
  2 guardian mummies (Tomb:3)
  3 harpy zombies
  A slime creature (Slime:4)
  7 ettin zombies
  A hydra skeleton (Dis:4)
  3 fire dragon zombies
  2 alligator zombies
  A harpy skeleton (Dis:5)
  A flying skull (Dis:2)
  3 vampires (Crypt:3)
  6 large abominations (Pan)
  A shadow (Dis:2)
  An ushabti (Tomb:3)
  2 golden eyes (Pan)
  12 neqoxecs (Pan)
  8 chaos spawn (Pan)
  A cane toad zombie (Dis:6)
  20 hell hounds
  A phantom (Dis:2)
  2 necrophages
  2 eyes of draining (Slime:4)
  2 swamp dragon zombies
  2 elf zombies
  7 wights
  A crimson imp (Dis:1)
  11 iron imps
  An ogre skeleton (Dis:4)
  4 mummies
  An adder (shapeshifter) (Depths:2)
  An orc (shapeshifter) (Depths:2)
332 creatures vanquished.

Vanquished Creatures (others)
  Cerebov (Pan)
  A tentacled monstrosity (Depths:2)
  An eldritch tentacle (Pan)
  2 nagarajas
  A fire giant (Depths:4)
  A draconian stormcaller (Zot:2)
  3 draconian annihilators (Pan)
  A spriggan defender (Vaults:4)
  2 elemental wellsprings
  3 very ugly things (Depths:2)
  2 green deaths (Pan)
  A rakshasa (Abyss:2)
  A hell hog (Geh:2)
  2 hell knights
  A sun demon (Pan)
  A naga sharpshooter (Zig:9)
  A sixfirhy (Pan)
  A skeletal warrior (Coc:3)
  A shadow demon (Pan)
  An ugly thing (Depths:5)
  A deep elf mage (Elf:1)
  An orc knight (Vaults:4)
  A naga mage (Snake:4)
  A smoke demon (Abyss:1)
  A black mamba (Snake:1)
  An orange demon (Pan)
  2 slime creatures (D:13)
  A shadow (Geh:1)
  A ynoxinul (Pan)
  A flying skull (Coc:3)
  An ushabti (Tomb:3)
  A human (D:13)
  A necrophage (Tar:4)
  An ogre (Vaults:5)
  A centaur (D:13)
  3 wights
  A howler monkey (D:13)
  A crimson imp (Depths:4)
  2 quasits
  A starcursed mass (Abyss:1)
  An orc wizard (Orc:1)
  A mummy (Tomb:3)
  An adder (Snake:1)
  4 white imps
  3 ball lightnings (Pan)
  2 blocks of ice (Pan)
  7 briar patches
  A bush (Lair:5)
  42 fungi
  3 lurking horrors (Abyss:1)
  44 plants
  33 starspawn tentacles
  15 tentacles
  8 toadstools (D:3)
217 creatures vanquished.

Grand Total: 7024 creatures vanquished

Notes
Turn   | Place    | Note
-------+----------+-------------------------------------------
     0 | D:1      | marklar909 the Formicid Earth Elementalist began the quest
                  | for the Orb.
     0 | D:1      | Reached XP level 1. HP: 13/13 MP: 3/3
   484 | D:1      | Reached XP level 2. HP: 8/19 MP: 0/5
   685 | D:1      | Found a glowing golden altar of the Shining One.
   739 | D:1      | Became a worshipper of the Shining One
  1397 | D:1      | Reached skill level 1 in Armour
  1739 | D:2      | Reached XP level 3. HP: 24/24 MP: 3/6
  1962 | D:2      | Found a hazy altar of Hepliaklqana.
  2061 | D:2      | Reached XP level 4. HP: 31/31 MP: 4/8
  2151 | D:2      | Reached skill level 1 in Maces & Flails
  2905 | D:3      | Reached skill level 1 in Fighting
  2956 | D:3      | Learned a level 3 spell: Stone Arrow
  2961 | D:3      | Learned a level 4 spell: Petrify
  3227 | D:3      | Reached XP level 5. HP: 34/37 MP: 5/9
  4558 | D:3      | Found a runed translucent door.
  4559 | D:3      | Noticed Crazy Yiuf
  4733 | D:3      | Reached XP level 6. HP: 30/43 MP: 7/11
  4896 | D:3      | Noticed Jessica
  4902 | D:3      | Killed Jessica
  5326 | D:4      | Found a sacrificial altar of Ru.
  5341 | D:4      | Noticed Blork the orc
  5351 | D:4      | Killed Blork the orc
  5351 | D:4      | Reached skill level 1 in Conjurations
  5634 | D:4      | Noticed Natasha
  5642 | D:4      | Killed Natasha
  5642 | D:4      | Reached XP level 7. HP: 49/49 MP: 12/12
  5736 | D:4      | Noticed Natasha
  5742 | D:4      | Killed Natasha
  5768 | D:4      | Noticed Edmund
  5820 | D:4      | Killed Edmund
  5820 | D:4      | Reached skill level 1 in Throwing
  5820 | D:4      | Reached skill level 5 in Earth Magic
  6029 | D:4      | Found a white marble altar of Elyvilon.
  6824 | D:5      | Entered Level 5 of the Dungeon
  6984 | D:5      | Reached * piety under the Shining One
  6994 | D:5      | Reached skill level 1 in Shields
  7370 | D:5      | Reached XP level 8. HP: 57/57 MP: 10/13
  7598 | D:5      | Found a radiant altar of Vehumet.
  8072 | D:6      | Found a staircase to the Ecumenical Temple.
  8566 | D:6      | Found a burning altar of Makhleb.
  9338 | D:6      | Reached XP level 9. HP: 58/64 MP: 0/15
  9628 | D:7      | Noticed robertstho's ghost (novice GnIE)
  9629 | D:7      | Found a runed translucent door.
  9651 | D:7      | Found a transporter.
  9658 | D:7      | Got a faintly glowing turquoise ring
  9660 | D:7      | Noticed a kobold demonologist
  9689 | D:7      | Found a transporter.
  9693 | D:7      | Got a twisted ring mail
  9694 | D:7      | Identified the +2 ring mail "Tuuwogouma" {-Tele rElec
                  | Dex+4} (You found it on level 7 of the Dungeon)
  9705 | D:7      | Identified the ring "Uduimono" {+Fly Dex+3 Slay+3} (You
                  | found it on level 7 of the Dungeon)
  9945 | D:7      | Found an opulent altar of Gozag.
 10050 | D:7      | Noticed a two-headed ogre
 10130 | D:7      | Killed a two-headed ogre
 10130 | D:7      | Reached skill level 5 in Maces & Flails
 10130 | D:7      | Reached skill level 5 in Spellcasting
 10824 | D:8      | Found a bloodstained altar of Trog.
 10971 | D:8      | Reached ** piety under the Shining One
 10984 | D:7      | Reached XP level 10. HP: 45/73 MP: 17/17
 11223 | D:8      | Found a stormy altar of Qazlal.
 11507 | D:8      | Reached skill level 5 in Fighting
 11922 | D:8      | Reached skill level 5 in Armour
 12078 | D:8      | Found an ornate altar of the Wu Jian Council.
 12310 | D:9      | Reached skill level 5 in Shields
 12618 | D:9      | Reached *** piety under the Shining One
 12621 | D:9      | Noticed Maggie
 12724 | D:9      | Found a staircase to the Orcish Mines.
 12734 | D:9      | Noticed Erolcha
 12745 | D:9      | Killed Erolcha
 13113 | D:9      | Reached XP level 11. HP: 70/81 MP: 19/19
 13215 | D:9      | Noticed Psyche
 13231 | D:9      | Killed Psyche
 13522 | D:10     | Entered Level 10 of the Dungeon
 13684 | D:10     | Found a glowing golden altar of the Shining One.
 13968 | D:10     | Found a portal to a secret trove of treasure.
 14037 | D:10     | Noticed a centaur warrior
 14057 | D:10     | Killed a centaur warrior
 14519 | D:10     | Reached **** piety under the Shining One
 14537 | D:10     | Learned a level 5 spell: Lee's Rapid Deconstruction
 15869 | D:11     | Noticed a death knight
 16047 | D:11     | Noticed a two-headed ogre
 16063 | D:11     | Killed a two-headed ogre
 16063 | D:11     | Reached skill level 1 in Invocations
 16160 | D:11     | Reached XP level 12. HP: 24/91 MP: 14/21
 16563 | D:11     | Noticed a sixfirhy
 18094 | D:12     | Noticed a two-headed ogre
 18118 | D:12     | Killed a two-headed ogre
 18118 | D:12     | Reached skill level 10 in Maces & Flails
 18796 | D:11     | Identified the +8 shortbow of the Shore {vorpal, +Inv rC-
                  | Dex+5}
 19258 | D:11     | Noticed a death yak
 19258 | D:11     | Noticed a death yak
 19838 | D:11     | Noticed a death yak
 19910 | D:10     | Killed a death yak
 20260 | D:10     | Killed a death yak
 20424 | D:10     | Killed a death yak
 20424 | D:10     | Reached XP level 13. HP: 40/98 MP: 18/23
 20676 | D:11     | Reached skill level 5 in Dodging
 20694 | D:11     | Found a staircase to the Lair.
 20729 | D:11     | Identified a scroll of acquirement
 20729 | D:11     | Acquired a +3 morningstar of protection
 20744 | Lair:1   | Entered Level 1 of the Lair of Beasts
 20830 | Lair:1   | You fall into a shaft and drop 1 floor!
 21085 | Lair:2   | Noticed a seven-headed hydra
 21103 | Lair:1   | Killed a seven-headed hydra
 21588 | Lair:1   | Noticed a six-headed hydra
 21613 | Lair:1   | Killed a six-headed hydra
 23040 | Lair:3   | Found a staircase to the Snake Pit.
 24010 | Lair:3   | Reached ***** piety under the Shining One
 24032 | Lair:3   | Reached XP level 14. HP: 99/108 MP: 24/24
 24356 | Lair:3   | You fall into a shaft and drop 2 floors!
 24650 | Lair:4   | Reached skill level 5 in Invocations
 25066 | Lair:4   | Found a staircase to the Swamp.
 26105 | Lair:5   | Found a staircase to the Slime Pits.
 26105 | Lair:5   | Found a viscous altar of Jiyva.
 26377 | Lair:4   | Reached skill level 10 in Fighting
 27921 | Lair:6   | Entered Level 6 of the Lair of Beasts
 28773 | Lair:6   | Reached XP level 15. HP: 117/117 MP: 25/25
 30239 | Lair:6   | Reached skill level 10 in Earth Magic
 30634 | Lair:6   | Acquired a +2 great mace of holy wrath
 31369 | D:11     | Got a translucent cloak
 31370 | D:11     | Identified the +2 cloak of Fuzzy Music {Harm rCorr Int-3
                  | Stlth+} (You found it on level 11 of the Dungeon)
 31443 | Orc:1    | Entered Level 1 of the Orcish Mines
 31489 | Orc:1    | Found a roughly hewn altar of Beogh.
 31892 | Orc:2    | Entered Level 2 of the Orcish Mines
 31912 | Orc:2    | Noticed Donald
 32350 | Orc:1    | Killed Donald
 33445 | Orc:2    | Reached skill level 10 in Armour
 33619 | Orc:2    | Found Pifyu's Assorted Antiques.
 33619 | Orc:2    | Found Vaskon's Armour Boutique.
 33619 | Orc:2    | Found Wallus's Weapon Shop.
 33622 | Orc:2    | Found Rixuuhol's Armour Boutique.
 33876 | Orc:2    | Noticed Sonja
 33887 | Orc:2    | Killed Sonja
 34038 | Orc:2    | Found a staircase to the Elven Halls.
 34166 | Orc:2    | Bought a scroll of identify for 70 gold pieces
 34166 | Orc:2    | Bought a potion of curing for 105 gold pieces
 34166 | Orc:2    | Bought a scroll labeled ITOBOU ZINWIOMNAG for 35 gold
                  | pieces
 34166 | Orc:2    | Bought a potion of curing for 105 gold pieces
 34166 | Orc:2    | Bought a scroll of identify for 70 gold pieces
 34834 | D:13     | Noticed Kirke
 34944 | D:13     | Reached skill level 15 in Maces & Flails
 34967 | D:13     | Reached XP level 16. HP: 103/126 MP: 26/26
 35302 | D:13     | Killed Kirke
 35328 | D:13     | Reached ****** piety under the Shining One
 35394 | D:13     | You fall into a shaft and drop 1 floor!
 35760 | D:14     | Reached skill level 5 in Transmutations
 36348 | D:15     | Entered Level 15 of the Dungeon
 36748 | D:15     | Noticed Louise
 37081 | D:13     | Found a gate to the Vaults.
 38087 | D:13     | Identified the +9 hand axe "Tifrewoi" {drain, MR+}
 38487 | Swamp:1  | Entered Level 1 of the Swamp
 39178 | Swamp:1  | Reached XP level 17. HP: 122/133 MP: 28/28
 40232 | Swamp:2  | Reached skill level 10 in Shields
 40634 | Swamp:2  | Found a shimmering blue altar of Sif Muna.
 42579 | Swamp:3  | Learned a level 4 spell: Olgreb's Toxic Radiance
 42583 | Swamp:3  | Learned a level 3 spell: Ignite Poison
 42609 | Swamp:4  | Entered Level 4 of the Swamp
 42614 | Swamp:4  | Noticed a thorn hunter
 42629 | Swamp:4  | Killed a thorn hunter
 42660 | Swamp:4  | Reached skill level 1 in Poison Magic
 44459 | Swamp:4  | Reached XP level 18. HP: 131/141 MP: 26/29
 44497 | Swamp:4  | Got a decaying rune of Zot
 44595 | Swamp:4  | Found a runed translucent door.
 44622 | Swamp:4  | Found a shimmering altar of Xom.
 44622 | Swamp:4  | Noticed halkony2012's ghost (adept MiFi)
 45198 | Snake:1  | Entered Level 1 of the Snake Pit
 46195 | Snake:1  | Got a brightly glowing plate armour
 46196 | Snake:1  | Identified the +1 plate armour of Articulation {SInv} (You
                  | found it on level 1 of the Snake Pit)
 49950 | Snake:3  | Noticed Vashnia
 49950 | Snake:3  | Noticed Aizul
 49968 | Snake:3  | Killed Aizul
 49980 | Snake:3  | Killed Vashnia
 50251 | Snake:3  | Reached skill level 5 in Poison Magic
 50314 | Snake:3  | Noticed Roxanne
 50370 | Snake:3  | Reached XP level 19. HP: 147/149 MP: 30/30
 50950 | Snake:3  | Killed Roxanne
 50963 | Snake:3  | Learned a level 5 spell: Irradiate
 50970 | Snake:3  | Learned a level 6 spell: Statue Form
 51057 | Snake:4  | Entered Level 4 of the Snake Pit
 51699 | Snake:4  | Noticed Agnes
 51710 | Snake:4  | Killed Agnes
 51860 | Snake:4  | Noticed Asterion
 51876 | Snake:4  | Killed Asterion
 53223 | Snake:4  | Got a serpentine rune of Zot
 53566 | Vaults:1 | Entered Level 1 of the Vaults
 54413 | Vaults:1 | Found a large runed translucent door.
 54413 | Vaults:1 | Found a large runed translucent door.
 54413 | Vaults:1 | Found a large runed translucent door.
 54413 | Vaults:1 | Found a large runed translucent door.
 54413 | Vaults:1 | Found a large runed translucent door.
 54413 | Vaults:1 | Found a large runed translucent door.
 54413 | Vaults:1 | Found a large runed translucent door.
 54413 | Vaults:1 | Found a large runed translucent door.
 54413 | Vaults:1 | Noticed Zonian's ghost (adept HOFi)
 54594 | Vaults:1 | Reached XP level 20. HP: 142/159 MP: 31/31
 56594 | Vaults:2 | HP: 6/160 [vault warden/+6 antimagic battleaxe (50)]
 56958 | Vaults:2 | Reached skill level 15 in Shields
 57647 | Vaults:2 | Acquired the ring "Capoi" {+Inv rPois MR- AC+4 Str-5}
 57653 | Vaults:2 | Acquired a +0 eveningstar of flaming
 57659 | Vaults:2 | Acquired the +8 eveningstar of Watchfulness {venom, +Blink
                  | Str+2 Dex+5}
 57746 | Vaults:3 | Found a staircase to the Crypt.
 57815 | Vaults:3 | Reached XP level 21. HP: 147/167 MP: 32/32
 58181 | Vaults:3 | Reached skill level 15 in Fighting
 58326 | Vaults:3 | Reached skill level 10 in Dodging
 58728 | Vaults:3 | HP: 6/168 [acid (11)]
 60841 | Vaults:4 | Noticed Sojobo
 60841 | Vaults:4 | Noticed Frederick
 61048 | Vaults:4 | Killed Frederick
 61048 | Vaults:4 | Reached skill level 10 in Transmutations
 61323 | Vaults:4 | Reached skill level 10 in Invocations
 61371 | Vaults:4 | Reached XP level 22. HP: 176/176 MP: 33/33
 62506 | Vaults:4 | Killed Sojobo
 63334 | Orc:2    | Bought the +0 plate armour "Cuniwk" {rPois Str+2} for 691
                  | gold pieces
 63556 | Elf:1    | Entered Level 1 of the Elven Halls
 64142 | Elf:1    | Identified the Catalogue of Combat Magic
 65338 | Elf:2    | Got an ancient bone ring
 65379 | Elf:2    | Found a runed translucent gate.
 65379 | Elf:2    | Found a runed translucent gate.
 65380 | Elf:2    | Found a runed translucent gate.
 65489 | Elf:2    | Reached XP level 23. HP: 185/185 MP: 34/34
 65896 | Elf:3    | Entered Level 3 of the Elven Halls
 66358 | Elf:3    | Found Ekyb's Assorted Antiques.
 66366 | Elf:3    | Bought a potion of resistance for 370 gold pieces
 66546 | Elf:3    | Noticed Nikola
 66567 | Elf:3    | Killed Nikola
 66796 | Elf:3    | Identified the amulet "Difrion" {Reflect +Fly rPois rN+
                  | Dex+4 SH+5}
 67119 | Elf:3    | Got a pitted brass ring
 67228 | Elf:3    | Identified the ring "Tetoibug" {rCorr Int+5} (You found it
                  | on level 3 of the Elven Halls)
 67229 | Elf:3    | Identified the ring of Vitum {+Fly rCorr SInv} (You found
                  | it on level 2 of the Elven Halls)
 67734 | Crypt:1  | Entered Level 1 of the Crypt
 67773 | Crypt:1  | Noticed Khufu
 67774 | Crypt:1  | Noticed a greater mummy
 67775 | Crypt:1  | Noticed a greater mummy
 68297 | Crypt:1  | Killed Khufu
 68297 | Crypt:1  | Reached skill level 15 in Earth Magic
 68309 | Vaults:3 | Killed a greater mummy
 68748 | Crypt:1  | Killed a greater mummy
 68897 | Crypt:1  | Reached XP level 24. HP: 195/195 MP: 30/34
 69376 | Crypt:1  | Noticed Mara
 69384 | Crypt:1  | Noticed marklar909's illusion
 69385 | Crypt:1  | Killed Mara
 70614 | Crypt:3  | Entered Level 3 of the Crypt
 70995 | Crypt:3  | Noticed Boris
 71002 | Crypt:3  | Killed Boris
 71007 | Crypt:3  | Found a staircase to the Tomb.
 71387 | Crypt:3  | Reached XP level 25. HP: 203/203 MP: 32/34
 71441 | Crypt:3  | Noticed Mennas
 71467 | Crypt:3  | Killed Mennas
 71634 | Crypt:3  | Noticed Jory
 71645 | Crypt:3  | Killed Jory
 71657 | Crypt:3  | Found the +6 arbalest "Damnation" {damnation}
 71780 | Crypt:3  | Identified Ziraetsi's Disquisition on Darkness
 71792 | Crypt:3  | Got a serpentine lapis lazuli ring
 71792 | Crypt:3  | Got a translucent lapis lazuli ring
 72330 | D:11     | Identified the ring of Plog {rF+ rN+ Dex+2} (You found it
                  | on level 3 of the Crypt)
 72331 | D:11     | Identified the ring of Toteqai {+Fly rElec rC- rN+ Stlth+}
                  | (You found it on level 3 of the Crypt)
 72564 | D:15     | Killed Louise
 72584 | D:15     | Found Coelu's Jewellery Boutique.
 72660 | D:15     | Found Ziutipoi's Gadget Boutique.
 72698 | D:15     | Found Entex's Distillery.
 72704 | D:15     | Bought 2 potions of curing for 96 gold pieces
 72704 | D:15     | Bought a potion of curing for 48 gold pieces
 72704 | D:15     | Bought 2 potions of curing for 96 gold pieces
 72704 | D:15     | Bought a potion of magic for 128 gold pieces
 72704 | D:15     | Bought a potion of heal wounds for 80 gold pieces
 72704 | D:15     | Bought a potion of flight for 48 gold pieces
 72704 | D:15     | Bought a potion of flight for 48 gold pieces
 72704 | D:15     | Bought a potion of ambrosia for 128 gold pieces
 72704 | D:15     | Bought a potion of magic for 128 gold pieces
 72704 | D:15     | Bought a potion of lignification for 48 gold pieces
 72760 | D:15     | Reached skill level 5 in Conjurations
 72840 | D:15     | Found Motev's Gadget Shoppe.
 72865 | D:15     | Found Ruxaj's General Store.
 73086 | D:15     | Found a staircase to the Depths.
 73240 | Depths:1 | Entered Level 1 of the Depths
 73300 | Depths:1 | Found a one-way gate to the infinite horrors of the Abyss.
 73511 | Depths:1 | Found a gateway to Hell.
 73878 | Depths:1 | Found a one-way gate leading to the halls of Pandemonium.
 74900 | Depths:2 | Got a slimy great mace
 75302 | Depths:2 | Reached skill level 15 in Armour
 75458 | Depths:2 | Found a runed translucent gate.
 75458 | Depths:2 | Found a runed translucent gate.
 75458 | Depths:2 | Found a runed translucent gate.
 75537 | Depths:2 | Reached XP level 26. HP: 212/212 MP: 18/35
 75828 | Depths:2 | Identified the Incunabulum of the Fiery Birds
 76185 | Depths:3 | Found Kofryew's Jewellery Boutique.
 76186 | Depths:3 | Found Pakkoninn's Gadget Shoppe.
 76187 | Depths:3 | Found Foetew's Jewellery Boutique.
 76197 | Depths:3 | Bought the amulet "Fenef" {Reflect rElec rF+ SH+5} for 918
                  | gold pieces
 77687 | Depths:4 | Found a gateway to a ziggurat.
 77687 | Depths:4 | Noticed an ancient lich
 78252 | D:11     | Learned a level 6 spell: Iron Shot
 78257 | D:11     | Learned a level 4 spell: Leda's Liquefaction
 78265 | D:11     | Learned a level 6 spell: Eringya's Noxious Bog
 78490 | Depths:4 | Identified the cursed +0 scimitar "Raunkeett" {vorpal,
                  | *Drain Str+3 Int+2}
 79368 | Depths:4 | Found a corrupted altar of Lugonu.
 79513 | Depths:4 | Reached skill level 10 in Poison Magic
 79554 | Depths:3 | Reached XP level 27. HP: 55/219 MP: 23/35
 80036 | Depths:4 | Killed an ancient lich
 80929 | Depths:5 | Entered Level 5 of the Depths
 81622 | Depths:5 | Noticed a juggernaut
 81632 | Depths:5 | Killed a juggernaut
 82659 | Depths:5 | Found a gate to the Realm of Zot.
 83427 | D:7      | Killed robertstho's ghost
 83625 | D:3      | Killed Crazy Yiuf
 83986 | Swamp:4  | Killed halkony2012's ghost
 85020 | Vaults:1 | Killed Zonian's ghost
 85269 | Depths:2 | Found a runed translucent gate.
 85269 | Depths:2 | Found a runed translucent gate.
 85277 | Depths:2 | Noticed runemasterragnar's ghost (adept OpFi)
 85278 | Depths:2 | Found a runed translucent gate.
 85486 | Depths:1 | Voluntarily entered the Abyss.
 85524 | Abyss:1  | Found a corrupted altar of Lugonu.
 85754 | Abyss:2  | Found a corrupted altar of Lugonu.
 86116 | Depths:1 | Escaped the Abyss
 86230 | Depths:1 | Voluntarily entered the Abyss.
 86232 | Abyss:1  | Found a corrupted altar of Lugonu.
 86264 | Abyss:1  | Found a corrupted altar of Lugonu.
 86981 | Abyss:2  | Gained mutation: You are dopey. (Int -2) [a neqoxec]
 86983 | Abyss:2  | Gained mutation: You are clumsy. (Dex -2) [a neqoxec]
 88077 | Abyss:3  | Found a corrupted altar of Lugonu.
 88133 | Abyss:3  | Reached skill level 15 in Transmutations
 88221 | Abyss:3  | Got an abyssal rune of Zot
 88271 | Abyss:4  | Found a corrupted altar of Lugonu.
 88323 | Abyss:4  | Found a corrupted altar of Lugonu.
 88415 | Abyss:4  | Found a corrupted altar of Lugonu.
 88528 | Depths:1 | Escaped the Abyss
 89199 | Hell     | Entered the Vestibule of Hell
 89199 | Hell     | Noticed Geryon
 89349 | Hell     | Noticed Murray
 90099 | Depths:1 | Killed Murray
 90460 | Hell     | Killed Geryon
 90799 | D:10     | You paid a toll of the horn of Geryon to enter a treasure
                  | trove
 90800 | Trove    | Entered a treasure trove
 90806 | Trove    | Found the +7 great mace "Undeadhunter" {disrupt, rN+}
 90831 | Trove    | Got a clouded turquoise ring
 90864 | D:10     | Identified the ring "Socw" {rElec rPois MR++ Int-3 Slay+3}
                  | (You found it in a treasure trove)
 91245 | Hell     | Found a gateway to the decaying netherworld of Tartarus.
 91431 | Hell     | Found a gateway to the freezing wastes of Cocytus.
 91570 | Hell     | Found a gateway to the ashen valley of Gehenna.
 91656 | Hell     | Found a gateway to the Iron City of Dis.
 91915 | Tar:1    | Entered Level 1 of Tartarus
 92433 | Tar:1    | Reached skill level 10 in Spellcasting
 93107 | Tar:1    | Reached skill level 5 in Stealth
 94769 | Tar:3    | Reached skill level 15 in Invocations
 95057 | Tar:3    | Learned a level 9 spell: Shatter
 97545 | Tar:4    | Reached skill level 15 in Dodging
 99184 | Tar:7    | Entered Level 7 of Tartarus
 99478 | Tar:7    | Found the +3 crown of Dyrovepreva {rElec Int+2 SInv}
 99629 | Tar:7    | Got a jewelled plate armour
 99666 | Tar:7    | Got a sparkling iron ring
 99681 | Tar:7    | Got a pitted fustibalus
100169 | Tar:7    | Got a brightly glowing marble ring
100348 | Tar:7    | Noticed an ancient lich
100357 | Tar:7    | Killed an ancient lich
100461 | Tar:7    | Noticed Ereshkigal
100473 | Tar:7    | Identified the cursed +0 tower shield of Trumpets {MR+
                  | Slay+2}
100491 | Tar:7    | Killed Ereshkigal
100858 | Tar:7    | Got a bone rune of Zot
101206 | D:11     | Identified the +9 plate armour of Ruyfub {Str+2} (You found
                  | it on level 7 of Tartarus)
101261 | D:11     | Identified the ring of Fimis {+Inv Int+6 Stlth+} (You found
                  | it on level 7 of Tartarus)
101262 | D:11     | Identified the +8 great mace of the Valley of Death {flame,
                  | Str+4} (You found it on level 2 of the Depths)
101263 | D:11     | Identified the +8 fustibalus "Puuwite" {speed, Dex+3} (You
                  | found it on level 7 of Tartarus)
101264 | D:11     | Identified the ring of Othek {rN+ MR+++ Str-4 SInv Stlth+}
                  | (You found it on level 7 of Tartarus)
101646 | Geh:1    | Entered Level 1 of Gehenna
103210 | Depths:1 | Voluntarily entered the Abyss.
103284 | Abyss:1  | Reached skill level 1 in Slings
103336 | Abyss:1  | Found a corrupted altar of Lugonu.
103397 | Abyss:1  | Noticed an ancient lich
103404 | Abyss:1  | Killed an ancient lich
103423 | Abyss:1  | Reached skill level 5 in Slings
104071 | Abyss:1  | Reached skill level 10 in Slings
104667 | Depths:1 | Escaped the Abyss
104769 | Depths:1 | Voluntarily entered the Abyss.
105145 | Abyss:1  | Gained mutation: You are frail. (-10% HP) [a neqoxec]
105684 | Abyss:1  | Found a corrupted altar of Lugonu.
105749 | Abyss:1  | Gained mutation: You are very frail. (-20% HP) [a neqoxec]
106235 | Depths:1 | Escaped the Abyss
106236 | Depths:1 | Lost mutation: You are dopey. (Int -2) [potion of mutation]
106236 | Depths:1 | Lost mutation: You are clumsy. (Dex -2) [potion of
                  | mutation]
106236 | Depths:1 | Lost mutation: You are very frail. (-20% HP) [potion of
                  | mutation]
106236 | Depths:1 | Gained mutation: You are dopey. (Int -2) [potion of
                  | mutation]
106236 | Depths:1 | Gained mutation: You are covered in fur. (AC +1) [potion of
                  | mutation]
106236 | Depths:1 | Lost mutation: You are dopey. (Int -2) [potion of mutation]
106236 | Depths:1 | Gained mutation: Your spells are a little harder to cast,
                  | but a little more powerful. [potion of mutation]
106237 | Depths:1 | Lost mutation: Your spells are a little harder to cast, but
                  | a little more powerful. [potion of mutation]
106237 | Depths:1 | Lost mutation: You are covered in fur. (AC +1) [potion of
                  | mutation]
106237 | Depths:1 | Lost mutation: You are frail. (-10% HP) [potion of
                  | mutation]
106237 | Depths:1 | Gained mutation: Your magical capacity is low. (-10% MP)
                  | [potion of mutation]
106237 | Depths:1 | Gained mutation: Your spells are a little easier to cast,
                  | but a little less powerful. [potion of mutation]
106237 | Depths:1 | Gained mutation: You are partially covered in thin metallic
                  | scales. (AC +2) [potion of mutation]
110962 | Geh:7    | Entered Level 7 of Gehenna
111800 | Geh:7    | Got a pair of steaming boots
111873 | Geh:7    | Identified the +7 sceptre of Asmodeus
111873 | Geh:7    | Noticed Asmodeus
111901 | Geh:7    | Killed Asmodeus
112021 | Geh:7    | Identified the Volume of Toxins
112053 | Geh:7    | Got a warped copper ring
112090 | Geh:7    | Identified Poffamn's Compendium of Vitriolic Curses
112122 | Geh:7    | Got an obsidian rune of Zot
112591 | D:11     | Identified the +3 pair of boots of Kikubaaqudgha's Hope
                  | {rN+++ MR+ Regen+ Int-4} (You found it on level 7 of
                  | Gehenna)
112613 | D:11     | Identified the ring "Karehudd" {Str+2 SInv} (You found it
                  | on level 7 of Gehenna)
112863 | Zot:1    | Entered Level 1 of the Realm of Zot
116588 | Zot:2    | Identified the Reference Book on the Vitriolic Birds
117384 | Zot:3    | Noticed an orb of fire
117394 | Zot:3    | Killed an orb of fire
117606 | Zot:4    | Noticed an orb of fire
118380 | Zot:4    | Killed an orb of fire
119771 | Zot:5    | Entered Level 5 of the Realm of Zot
121551 | Slime:1  | Entered Level 1 of the Pits of Slime
121764 | Slime:1  | Reached skill level 15 in Spellcasting
122239 | Depths:2 | Killed runemasterragnar's ghost
122276 | Depths:2 | Got a pair of slimy boots
123133 | Slime:5  | Entered Level 5 of the Pits of Slime
123284 | Slime:5  | Noticed the Royal Jelly
123301 | Slime:4  | Gained mutation: You are agile. (Dex +2) [a shining eye]
123302 | Slime:4  | Gained mutation: You are dopey. (Int -2) [a shining eye]
123747 | Slime:5  | Reached skill level 27 in Shields
123777 | Slime:5  | Killed the Royal Jelly
124200 | Slime:5  | Found the +10 morningstar "Eos" {elec, Halo rElec}
124221 | Slime:5  | Got a slimy rune of Zot
124243 | Slime:5  | Got a bloodstained dire flail
124289 | Slime:5  | Got a transparent flail
124318 | Slime:5  | Gained mutation: Your body sometimes deteriorates upon
                  | taking damage. [a shining eye]
124747 | D:11     | Lost mutation: You are agile. (Dex +2) [potion of mutation]
124747 | D:11     | Lost mutation: You are dopey. (Int -2) [potion of mutation]
124747 | D:11     | Lost mutation: Your magical capacity is low. (-10% MP)
                  | [potion of mutation]
124747 | D:11     | Gained mutation: Your magical capacity is low. (-10% MP)
                  | [potion of mutation]
124747 | D:11     | Gained mutation: You are clumsy. (Dex -2) [potion of
                  | mutation]
124747 | D:11     | Gained mutation: You are partially covered in large bone
                  | plates. (SH +4) [potion of mutation]
124748 | D:11     | Lost mutation: Your magical capacity is low. (-10% MP)
                  | [potion of mutation]
124748 | D:11     | Lost mutation: You are clumsy. (Dex -2) [potion of
                  | mutation]
124748 | D:11     | Lost mutation: You are partially covered in thin metallic
                  | scales. (AC +2) [potion of mutation]
124748 | D:11     | Lost mutation: Your body sometimes deteriorates upon taking
                  | damage. [potion of mutation]
124748 | D:11     | Gained mutation: You evolve. [potion of mutation]
124748 | D:11     | Gained mutation: You are surrounded by a mild repulsion
                  | field. (EV +2) [potion of mutation]
124773 | D:11     | Identified the cursed -1 pair of boots of the Bulwark
                  | {*Contam rPois Str+5 Dex-4} (You found it on level 2 of the
                  | Depths)
124777 | D:11     | Identified the +2 flail of the Disturbing Heavens {elec,
                  | rElec rPois MR++ Stlth-} (You found it on level 5 of the
                  | Pits of Slime)
124778 | D:11     | Identified the +5 dire flail of Durable Innocence {vorpal,
                  | rElec rF+++ rC- Dex+4} (You found it on level 5 of the Pits
                  | of Slime)
124947 | Vaults:2 | Gained mutation: You are partially covered in thin metallic
                  | scales. (AC +2) [evolution]
125948 | Vaults:5 | Entered Level 5 of the Vaults
126563 | Vaults:5 | Identified the +10 great sword of Courage {flame, Str+3}
126591 | Vaults:5 | Identified the cursed +0 mace of Accord {protect, +Fly}
127093 | Vaults:5 | Got a silver rune of Zot
127380 | Vaults:5 | Identified the Guide on the Shifting Traveller
127730 | Vaults:5 | Found the +2 cloak of the Thief {*Fog Slay-2 SInv Stlth+}
127731 | Vaults:5 | Found the cursed necklace of Bloodlust {*Rage +Rage MR++
                  | Int-3 Slay+6 *Curse}
128752 | Zig:1    | Entered Level 1 of a ziggurat
128775 | Zig:2    | Entered Level 2 of a ziggurat
128804 | Zig:3    | Entered Level 3 of a ziggurat
128851 | Zig:4    | Entered Level 4 of a ziggurat
128894 | Zig:5    | Entered Level 5 of a ziggurat
128928 | Zig:5    | Got a vibrating wooden ring
128937 | Zig:6    | Entered Level 6 of a ziggurat
128944 | Zig:6    | Noticed a Killer Klown
128945 | Zig:6    | Noticed a shard shrike
128945 | Zig:6    | a Killer Klown changed into a shard shrike
128955 | Zig:6    | Killed a shard shrike
128964 | Zig:6    | Got an ancient silver amulet
128977 | Zig:6    | Got an ancient scale mail
128980 | Zig:7    | Entered Level 7 of a ziggurat
128999 | Zig:7    | Reached skill level 15 in Slings
129052 | Zig:7    | Got a fine ruby amulet
129066 | Zig:8    | Entered Level 8 of a ziggurat
129135 | Zig:8    | Got a twisted scale mail
129181 | Zig:9    | Entered Level 9 of a ziggurat
129215 | Zig:9    | Found the +2 Maxwell's thermic engine {flame, freeze}
129290 | Zig:9    | Identified the Almanac of Supportive Stolen Souls
129320 | Zig:10   | Entered Level 10 of a ziggurat
129377 | Zig:10   | Identified the Handbook of Blistering Dislocation
129380 | Zig:10   | Got a clouded tin ring
129446 | Zig:11   | Entered Level 11 of a ziggurat
129450 | Zig:11   | Noticed a juggernaut
129450 | Zig:11   | Noticed a juggernaut
129452 | Zig:11   | Noticed a juggernaut
129460 | Zig:11   | Killed a juggernaut
129462 | Zig:11   | Killed a juggernaut
129463 | Zig:11   | Killed a juggernaut
129836 | Zig:11   | Identified the +1 scale mail of the New World {rElec rF+
                  | Int+3 Dex+2} (You found it on level 8 of a ziggurat)
129837 | Zig:11   | Identified the cursed +1 scale mail "Hyucw" {rPois Regen+
                  | Dex+3} (You found it on level 6 of a ziggurat)
129840 | Zig:11   | Identified the ring "Ydim" {MR+ Str+3 Dex+6 Slay-3} (You
                  | found it on level 5 of a ziggurat)
129841 | Zig:11   | Identified the amulet "Joufihie" {rC+ rN+ Regen+ Int-3}
                  | (You found it on level 6 of a ziggurat)
129842 | Zig:11   | Identified the amulet "Ixafyc Necant" {Acrobat rN+ SInv}
                  | (You found it on level 7 of a ziggurat)
129843 | Zig:11   | Identified the ring "Qaihiy" {Str+4 Dex+6 Slay+3} (You
                  | found it on level 10 of a ziggurat)
130095 | D:11     | Reached skill level 1 in Fire Magic
130095 | D:11     | Reached skill level 1 in Evocations
130294 | Coc:1    | Entered Level 1 of Cocytus
130354 | Coc:1    | Noticed a shard shrike
130360 | Coc:1    | Killed a shard shrike
130761 | Coc:1    | Noticed a shard shrike
130769 | Coc:1    | Killed a shard shrike
131050 | Coc:1    | Noticed a shard shrike
131059 | Coc:1    | Killed a shard shrike
131619 | Coc:2    | Lost mutation: You are partially covered in thin metallic
                  | scales. (AC +2) [evolution]
131621 | Coc:2    | Noticed a shard shrike
131622 | Coc:2    | Killed a shard shrike
131729 | Coc:2    | Noticed a shard shrike
131734 | Coc:2    | Killed a shard shrike
132101 | Coc:3    | Noticed a shard shrike
132121 | Coc:3    | Killed a shard shrike
133034 | Coc:3    | Noticed a shard shrike
133039 | Coc:3    | Killed a shard shrike
133177 | Coc:3    | Reached skill level 27 in Fighting
133218 | Coc:3    | Noticed a shard shrike
133224 | Coc:3    | Killed a shard shrike
133272 | Coc:3    | Noticed a shard shrike
133278 | Coc:3    | Killed a shard shrike
133415 | Coc:4    | Noticed a shard shrike
133430 | Coc:4    | Killed a shard shrike
135302 | Coc:6    | Noticed a shard shrike
135303 | Coc:6    | Killed a shard shrike
135477 | Coc:6    | Reached skill level 27 in Maces & Flails
135778 | Coc:6    | Noticed a shard shrike
135780 | Coc:6    | Killed a shard shrike
136238 | Coc:7    | Entered Level 7 of Cocytus
137170 | Coc:7    | Noticed Antaeus
137225 | Coc:7    | Killed Antaeus
137250 | Coc:7    | Got an icy rune of Zot
137318 | Coc:7    | Noticed a shard shrike
137319 | Coc:7    | Killed a shard shrike
137472 | Dis:1    | Entered Level 1 of the Iron City of Dis
141399 | Dis:5    | Identified the cursed +0 tower shield "Uwayxecw" {Dex+2}
141822 | Dis:6    | Identified the -4 tower shield of the Unseen Realm {Harm
                  | rPois Dex-5 SInv}
142774 | Dis:7    | Entered Level 7 of the Iron City of Dis
143092 | Dis:7    | Noticed the Serpent of Hell
143108 | Dis:7    | Killed the Serpent of Hell
143291 | Dis:7    | Reached skill level 27 in Invocations
143801 | Dis:7    | Identified the +8 short sword "Qagoov" {vorpal, rPois Str+2
                  | Int+2}
143810 | Dis:7    | Identified the +4 staff of Dispater
143810 | Dis:7    | Noticed Dispater
143841 | Dis:7    | Killed Dispater
144199 | Dis:7    | Got an iron rune of Zot
144209 | Dis:7    | Gained mutation: You are agile. (Dex +2) [evolution]
144768 | Dis:7    | Found the +9 heavy crossbow "Sniper" {vorpal, Acc+∞ SInv}
145644 | Dis:7    | Identified a +8 great mace of holy wrath (a +6 great mace
                  | blessed by the Shining One)
145644 | Dis:7    | Received a gift from the Shining One
145834 | Pan      | Entered Pandemonium
145907 | Pan      | Noticed Fyutzaon the pandemonium lord
145922 | Pan      | Killed Fyutzaon the pandemonium lord
145988 | Pan      | Found an exit through the horrors of the Abyss.
146071 | Pan      | Identified the Reference Book on Malediction and Sinister
                  | Magic
146432 | Pan      | Reached skill level 27 in Armour
146816 | Pan      | Noticed Kuwemag the pandemonium lord
146826 | Pan      | Killed Kuwemag the pandemonium lord
146826 | Pan      | Gained mutation: Your spells are easier to cast, but less
                  | powerful. [a cacodemon]
147150 | Pan      | Got a demonic rune of Zot
147317 | Pan      | Entered the realm of Gloorx Vloq.
147328 | Pan      | Noticed Gloorx Vloq
147341 | Pan      | Killed Gloorx Vloq
147349 | Pan      | Got a dark rune of Zot
147765 | Pan      | Got a smelly chain mail
148274 | Pan      | Noticed Minun the pandemonium lord
148304 | Pan      | Killed Minun the pandemonium lord
148395 | Pan      | Entered the realm of Lom Lobon.
148984 | Pan      | Reached skill level 15 in Poison Magic
149485 | Pan      | Noticed Lom Lobon
149526 | Pan      | Killed Lom Lobon
149992 | Pan      | Got a magical rune of Zot
150137 | Pan      | Entered the realm of Cerebov.
150196 | Pan      | Found an exit through the horrors of the Abyss.
150242 | Pan      | Identified the +6 sword of Cerebov {flame}
150242 | Pan      | Noticed Cerebov
150303 | Pan      | Killed Cerebov
150630 | Pan      | Identified the +4 long sword of Gluttony {venom, +Inv rF+}
150819 | Pan      | Got a crude cloak
150829 | Pan      | Identified the Disquisition on Mutagenic Conjuration
150853 | Pan      | Got a fiery rune of Zot
151278 | Pan      | Identified the Grimoire of Aerial Fire
151324 | Pan      | Got an encrusted chain mail
151467 | Pan      | Noticed Othaf the pandemonium lord
151472 | Pan      | Killed Othaf the pandemonium lord
151476 | Pan      | Reached skill level 5 in Evocations
151679 | Pan      | Found an exit through the horrors of the Abyss.
151842 | Pan      | Entered the realm of Mnoleg.
152065 | Pan      | Gained mutation: Scrolls take you a little longer to read.
                  | [a cacodemon]
152082 | Pan      | Gained mutation: You are weak. (Str -2) [a neqoxec]
152293 | Pan      | Identified the cursed +0 tower shield "Lounemo" {*Drain
                  | rPois Str+3}
152614 | Pan      | Gained mutation: You are very weak. (Str -4) [a neqoxec]
152704 | Pan      | Lost mutation: You are agile. (Dex +2) [a neqoxec]
152717 | Pan      | Noticed Mnoleg
152726 | Pan      | Killed Mnoleg
152738 | Pan      | Got a glowing rune of Zot
152830 | Depths:3 | Escaped Pandemonium
152892 | Depths:3 | Lost mutation: You are partially covered in large bone
                  | plates. (SH +4) [potion of mutation]
152892 | Depths:3 | Gained mutation: You possess an exceptional clarity of
                  | mind. [potion of mutation]
152892 | Depths:3 | Gained mutation: You have sharp fingernails. [potion of
                  | mutation]
152892 | Depths:3 | Gained mutation: You have large cloven feet. [potion of
                  | mutation]
152893 | Depths:3 | Lost mutation: You have sharp fingernails. [potion of
                  | mutation]
152893 | Depths:3 | Lost mutation: You have large cloven feet. [potion of
                  | mutation]
152893 | Depths:3 | Lost mutation: You possess an exceptional clarity of mind.
                  | [potion of mutation]
152893 | Depths:3 | Lost mutation: You are very weak. (Str -4) [potion of
                  | mutation]
152893 | Depths:3 | Gained mutation: You are partially covered in molten
                  | scales. (AC +2) [potion of mutation]
152893 | Depths:3 | Gained mutation: You expend magic power (3 MP) to
                  | strengthen your wands. [potion of mutation]
152893 | Depths:3 | Lost mutation: Your spells are easier to cast, but less
                  | powerful. [potion of mutation]
152894 | Depths:3 | Lost mutation: Your spells are a little easier to cast, but
                  | a little less powerful. [potion of mutation]
152894 | Depths:3 | Lost mutation: Scrolls take you a little longer to read.
                  | [potion of mutation]
152894 | Depths:3 | Lost mutation: You are weak. (Str -2) [potion of mutation]
152894 | Depths:3 | Lost mutation: You expend magic power (3 MP) to strengthen
                  | your wands. [potion of mutation]
152894 | Depths:3 | Gained mutation: Armour fits poorly on your strangely
                  | shaped body. [potion of mutation]
152894 | Depths:3 | Gained mutation: You are frail. (-10% HP) [potion of
                  | mutation]
152894 | Depths:3 | Gained mutation: Your muscles are strong. (Str +2) [potion
                  | of mutation]
152895 | Depths:3 | Lost mutation: You are frail. (-10% HP) [potion of
                  | mutation]
152895 | Depths:3 | Lost mutation: You are partially covered in molten scales.
                  | (AC +2) [potion of mutation]
152895 | Depths:3 | Lost mutation: Armour fits poorly on your strangely shaped
                  | body. [potion of mutation]
152895 | Depths:3 | Gained mutation: Your spells are a little easier to cast,
                  | but a little less powerful. [potion of mutation]
152895 | Depths:3 | Gained mutation: You possess an exceptional clarity of
                  | mind. [potion of mutation]
152895 | Depths:3 | Gained mutation: You passively map a small area around you.
                  | [potion of mutation]
152895 | Depths:3 | Gained mutation: You have an increased reservoir of magic.
                  | (+10% MP) [potion of mutation]
152948 | Depths:3 | Identified the +0 cloak of Pathos {+Blink Str+6 SInv
                  | Stlth+} (You found it in Pandemonium)
153349 | Tomb:1   | Entered Level 1 of the Tomb of the Ancients
153763 | Tomb:1   | Reached skill level 10 in Conjurations
153764 | Tomb:1   | Noticed a greater mummy
153771 | Tomb:1   | Killed a greater mummy
153779 | Tomb:1   | Gained mutation: You are frail. (-10% HP) [mutagenic glow]
153786 | Tomb:1   | Gained mutation: Your body sometimes deteriorates upon
                  | taking damage. [mutagenic glow]
153794 | Tomb:1   | Noticed a greater mummy
153803 | Tomb:1   | Noticed a greater mummy
153813 | Tomb:1   | Killed a greater mummy
153821 | Tomb:1   | Killed a greater mummy
154248 | Tomb:2   | Noticed Boris
154248 | Tomb:2   | Noticed a greater mummy
154249 | Tomb:2   | Noticed a greater mummy
154250 | Tomb:2   | Noticed a greater mummy
154251 | Tomb:2   | Noticed an ancient lich
154258 | Tomb:2   | Killed an ancient lich
154259 | Tomb:2   | Killed Boris
154259 | Tomb:2   | Killed a greater mummy
154264 | Tomb:2   | Killed a greater mummy
154266 | Tomb:2   | Killed a greater mummy
155852 | Tomb:3   | Entered Level 3 of the Tomb of the Ancients
155860 | Tomb:3   | Identified the cursed +0 tower shield "Ritykh" {rN++}
155873 | Tomb:3   | Reached skill level 10 in Stealth
155892 | Tomb:3   | Noticed a greater mummy
155892 | Tomb:3   | Noticed a greater mummy
155894 | Tomb:3   | Noticed a greater mummy
155906 | Tomb:3   | Killed a greater mummy
155908 | Tomb:3   | Killed a greater mummy
155911 | Tomb:3   | Noticed a greater mummy
155919 | Tomb:3   | Killed a greater mummy
155923 | Tomb:3   | Noticed a greater mummy
155926 | Tomb:3   | Noticed a greater mummy
155929 | Tomb:3   | Killed a greater mummy
155940 | Tomb:3   | Killed a greater mummy
155943 | Tomb:3   | Noticed a greater mummy
155950 | Tomb:3   | Noticed a greater mummy
155951 | Tomb:3   | HP: 14/336 [emperor scorpion[a greater mummy] (5)]
155952 | Tomb:3   | HP: 4/336 [emperor scorpion[a greater mummy] (5)]
155952 | Tomb:3   | Killed from afar by a greater mummy

Illustrated notes

Levels and vault maps discovered:
D:1:      elethiomel_arrival_maze, layout_basic, tso_metal_star
D:2:      layout_basic, overflow_temple_1_default, serial_co_window_serial,
          co_window_corner_a, co_window_corner_a, co_window_paths_a,
          co_window_of_opportunity_a, co_window_corner_a, co_window_corner_a,
          co_window_corner_a, co_window_paths_b, co_window_corner_a,
          co_window_2corner, co_window_of_opportunity_c, co_window_broadway_a,
          co_window_broadway_a, glass_columns_a, glass_columns_a,
          glass_columns_a, glass_columns_a, glass_columns_b
D:3:      cheibrodos_fertilizer, layout_basic, uniq_crazy_yiuf_cottage,
          uniq_jessica
D:4:      layout_basic, elyvilon_altar_1, old_standard_altar, uniq_edmund,
          uniq_blork_the_orc, uniq_natasha
D:5:      layout_rooms, vehumet_crystals
D:6:      layout_rooms, old_standard_altar, minmay_temple_entry_ruins,
          kennysheep_generic_room_7
D:7:      gammafunk_wand_slinger, layout_basic, old_standard_altar,
          hellmonk_ghost_happy_afterlife
D:8:      kennysheep_ambush_hall, layout_gridville, trog_ov_bears_minmay,
          lemuel_coloured_pillars_altar, nicolae_qazlal_general_emergency
D:9:      layout_roguey, orc_0_dummy, uniq_maggie, uniq_erolcha, uniq_psyche
D:10:     layout_cave_pods, basic_altar, nicolae_trove_entry_path_of_doom
D:11:     layout_cave_pools, dpeg_lair_monsters
D:12:     layout_basic, grunt_ministairs_13, kennysheep_path_1
D:13:     layout_long_grid, erik_vaults_2, minmay_the_grid_square_5x5_3x3_mashed
          [minmay_the_grid_square_5x5_detours,
          minmay_the_grid_square_5x5_two_walls_a,
          minmay_the_grid_square_5x5_checkered_statues,
          minmay_the_grid_square_5x5_c,
          minmay_the_grid_square_5x5_megaprize_hollow,
          minmay_the_grid_square_5x5_eight,
          minmay_the_grid_square_5x5_two_small,
          minmay_the_grid_square_5x5_three, minmay_the_grid_square_5x5_longway],
          uniq_kirke
D:14:     layout_roguey
D:15:     grunt_enter_depths_snipers, layout_cave_pools, dk_noncrumbling_4,
          serial_shops, nicolae_shop_statue_plus, shop, shop,
          nicolae_shop_behind_doors, nicolae_shop_competitors_out_of_business,
          uniq_louise
Lair:1:   layout_misc_corridors, infiniplex_staircase_pool
Lair:2:   layout_regular_city
Lair:3:   layout_regular_city, minmay_snake_entry_guardpost_small,
          gauntlet_entry_generic, minivault_29
Lair:4:   layout_layer_cave, minmay_swamp_entry_swarm, grunt_megastairs_2,
          serial_bayou_shore_b
Lair:5:   layout_long_grid, slime_altar_1
Lair:6:   evilmike_catoblepas_cave, layout_regular_city, serial_bayou_shore_b
Swamp:1:  layout_basic_swamp, evilmike_swamp_ruin_house_2, swamp_pool4,
          infiniplex_staircase_pool_2
Swamp:2:  layout_basic_swamp, nicolae_swamp_dense_foliage, swamp_pool5,
          lemuel_altar_in_water
Swamp:3:  layout_basic_swamp, hangedman_swamp_lotus
Swamp:4:  swamp, layout_basic_swamp, ebering_ghost_xom
Snake:1:  layout_layer_cave, nicolae_snake_lava_pool
Snake:2:  layout_grid_maze
Snake:3:  layout_layer_cave, drop_trap, uniq_vashnia, uniq_roxanne, uniq_aizul
Snake:4:  snake_pit, layout_misc_corridors, drop_trap, uniq_agnes, uniq_asterion
Slime:1:  layout_caves
Slime:2:  layout_caves
Slime:3:  layout_caves, cheibrodos_slime_lost_civilization_4
Slime:4:  layout_caves
Slime:5
Orc:1:    layout_caves, library_closet, kennysheep_orc_chapel
Orc:2:    st_orc_mages, layout_caves, uniq_sonja, uniq_donald
Elf:1:    elf_arrival_002, layout_onion_city, minmay_elf_annihilation
Elf:2:    layout_geoelf_diagonals
Elf:3:    minmay_elf_hall, layout_geoelf_diagonals, serial_shops, shop,
          uniq_nikola
Vaults:1: advil_vaults_ghost_lines, hangedman_vaults_nails, v_alt_pattern_6,
          hangedman_vaults_corner_blocks, nicolae_vaults_puzzle_piece,
          st_smaller_cells, vaults_room_octagon, nicolae_vaults_network_square,
          vaults_room_semicircle, vaults_mumra_minichess, vaults_dpeg_hooks,
          layout_vaults_ring
Vaults:2: hangedman_vaults_snaps, ontoclasm_vaults_ring_small,
          ontoclasm_vaults_idyll, nicolae_vaults_hallways_thing, v_misc_2,
          nicolae_vaults_specimen_jars, hangedman_vaults_maws,
          vaults_standard_mumra_x, nicolae_vaults_display_case,
          vaults_mumra_minichess_inversion, hangedman_vaults_pinch, v_misc_16,
          ontoclasm_vaults_pinch, vaults_dpeg_cross,
          nicolae_vaults_little_squares_2, layout_vaults_maze
Vaults:3: v_misc_28, minmay_crypt_entry_simple_sparse, v_pattern_4,
          grunt_vaults_hallway_long, grunt_vaults_funnel,
          nicolae_vaults_rhombus_7, grunt_vaults_twisty, st_octagons_2,
          v_misc_13, v_misc_8, serial_ice_b, vaults_dpeg_diagonal,
          vaults_standard_mumra_lines, layout_vaults_big_cross
Vaults:4: hangedman_vaults_hat, v_misc_33, vaults_mumra_chevron,
          vaults_mumra_hexcomb, nicolae_vaults_three_branches,
          nicolae_vaults_little_squares_3, hangedman_vaults_locks,
          hangedman_vaults_stagger, vaults_mumra_lcd, nicolae_vaults_rhombus_7,
          sword_in_stone, nicolae_vaults_ring_of_whatevers,
          layout_vaults_omnibox
Vaults:5
Crypt:1:  layout_rooms, minivault_4, minicrypt_bobbens, uniq_sojobo, uniq_mara,
          uniq_khufu
Crypt:2:  layout_catacombs, ebering_dispersal_statue_hall
Crypt:3:  due_elkab, layout_chaotic_city, uniq_jory, uniq_margery, uniq_mennas,
          uniq_boris
Tomb:1
Tomb:2
Tomb:3
Depths:1: layout_basic, grunt_pan_entry_spiral, pf_hell_entry_tar_river,
          hangedman_abyss_entry_splay, minmay_misc_feat_tiny,
          kennysheep_just_a_vault, serial_bayou_shore_a
Depths:2: minmay_expanding_squares, layout_twisted_cross,
          ploomutoo_gammafunk_ghost_potion_laboratory, hell_entry,
          minmay_misc_feat_roman
Depths:3: minmay_containers, layout_gridville, rand_demon_pan_entry_8,
          hell_entry, columned_hall_lemuel, minmay_shop_grove
Depths:4: grunt_house_of_mirrors, layout_cave_pools, enter_ziggurat_d,
          roderic_cross_of_infinity, hangedman_geh_valley,
          abyss_entry_flame_altar, minmay_fire_ice_demons
Depths:5: grunt_bruiser_brothers, layout_basic, hell_entry
Hell
Dis:1:    layout_subdivisions
Dis:2:    layout_chaotic_city
Dis:3:    layout_jigsaw
Dis:4:    layout_regular_city, hangedman_dis_decor_blocks_mantle
Dis:5:    layout_subdivisions
Dis:6:    layout_chaotic_city
Dis:7:    dis_hangedman
Geh:1:    layout_gehenna_pools_basic
Geh:2:    layout_gehenna_pools_box
Geh:3:    layout_gehenna_lava_caves, nicolae_geh_single_fiery_grave
Geh:4:    layout_gehenna_pools_box
Geh:5:    layout_gehenna_pools_triple, hangedman_elemental_corridor
Geh:6:    layout_gehenna_lava_caves
Geh:7:    geh_mu
Coc:1:    layout_ice_bergs
Coc:2:    layout_ice_bergs
Coc:3:    grunt_deathspiral_small, layout_ice_bergs
Coc:4:    layout_ice_bergs
Coc:5:    layout_cocytus_water_paths
Coc:6:    layout_cocytus_water_paths
Coc:7:    coc_grunt
Tar:1:    layout_cathedral_of_symmetry
Tar:2:    layout_honeycomb
Tar:3:    layout_honeycomb, nicolae_tar_cuneiform_bread
Tar:4:    layout_cathedral_of_symmetry
Tar:5:    layout_catacombs, lemuel_nasty_fountain
Tar:6:    layout_honeycomb
Tar:7:    tar_grunt_cathedral
Zot:1:    lemuel_acid_trip, layout_cathedral_of_symmetry, zot_minivault_5
Zot:2:    layout_cathedral_of_symmetry, hangedman_elemental_corridor
Zot:3:    layout_misc_corridors
Zot:4:    layout_cathedral_of_symmetry, hangedman_swamp_dais
Zot:5:    layout_twisted_circle, st_stairs_10

Skill      XL: |  1  2  3  4  5  6  7  8  9 10 11 12 13 14 15 16 17 18 19 20 21 22 23 24 25 26 27 |
---------------+----------------------------------------------------------------------------------+-----
Earth Magic    | 4 5 6 7 8 9 10 11 12 13 14 15 16 17 24 | 24.3
Armour         | 1 2 3 4 5 6 7 8 9 10 11 12 13 14 15 27 | 27.0
Maces & Flails | 1 2 3 4 5 7 9 10 12 14 15 16 17 18 19 20 27 | 27.0
Dodging        | 2 3 4 6 7 8 9 10 11 24 | 24.0
Spellcasting   | 3 4 5 6 7 8 19 | 19.0
Fighting       | 1 2 3 4 6 7 8 9 10 11 12 13 14 15 16 17 18 27 | 27.0
Conjurations   | 1 2 3 4 6 7 10 | 10.6
Transmutations | 2 4 6 7 8 9 10 11 12 13 19 | 19.0
Throwing       | 1 2 3 |  3.6
Stealth        | 3 4 10 | 10.5
Shields        | 1 3 4 5 6 7 9 11 12 13 15 16 17 18 19 27 | 27.0
Invocations    | 1 4 6 7 8 9 10 11 27 | 27.0
Poison Magic   | 2 5 6 8 9 10 16 | 16.4
Slings         | 18 | 18.7
Fire Magic     | 1 |  1.1
Evocations     | 7 |  7.7
Unarmed Combat | |  0.6

Action                   |  1- 3 |  4- 6 |  7- 9 | 10-12 | 13-15 | 16-18 | 19-21 | 22-24 | 25-27 || total
-------------------------+-------+-------+-------+-------+-------+-------+-------+-------+-------++-------
Melee: Mace              |    43 |    96 |    12 |    62 |       |       |       |       |       ||   213
       Flail             |       |       |   113 |   474 |     7 |       |       |       |       ||   594
       Morningstar       |       |       |       |       |  1037 |  1357 |   942 |   154 |       ||  3490
       Great mace        |       |       |       |       |       |    13 |    52 |   427 |  2700 ||  3192
       Eveningstar       |       |       |       |       |       |       |   406 |   484 |  5601 ||  6491
       Sacred scourge    |       |       |       |       |       |       |       |       |  4225 ||  4225
 Fire: Fustibalus        |       |       |       |       |       |       |       |       |   158 ||   158
Throw: Dart              |       |    19 |    68 |    83 |    20 |     4 |       |       |     5 ||   199
       Stone             |       |     2 |     2 |       |       |       |       |       |       ||     4
 Cast: Sandblast         |    14 |    39 |    32 |    82 |       |     8 |       |       |       ||   175
       Stone Arrow       |       |       |    43 |    64 |    17 |     4 |       |       |       ||   128
       Petrify           |       |       |       |     2 |     5 |     2 |       |       |       ||     9
       Lee's Rapid Decon |       |       |       |     3 |       |       |     4 |       |    20 ||    27
       Olgreb's Toxic Ra |       |       |       |       |       |       |     1 |       |    22 ||    23
       Statue Form       |       |       |       |       |       |       |       |    39 |   386 ||   425
       Ignite Poison     |       |       |       |       |       |       |       |       |    14 ||    14
       Irradiate         |       |       |       |       |       |       |       |       |    36 ||    36
       Eringya's Noxious |       |       |       |       |       |       |       |       |    12 ||    12
       Shatter           |       |       |       |       |       |       |       |       |     4 ||     4
       Iron Shot         |       |       |       |       |       |       |       |       |     2 ||     2
Invok: Divine Shield     |       |       |       |     3 |    10 |    13 |     8 |     5 |    10 ||    49
       Cleansing Flame   |       |       |       |       |     2 |    18 |    12 |    21 |   384 ||   437
       Summon Divine War |       |       |       |       |     1 |       |     1 |     1 |    63 ||    66
       Brand Weapon With |       |       |       |       |       |       |       |       |     1 ||     1
 Abil: Dig               |     2 |       |       |     8 |     3 |     9 |     1 |     2 |    56 ||    81
       Evoke Flight      |       |       |       |       |       |       |       |       |     1 ||     1
Evoke: Wand              |       |       |       |     1 |     3 |       |     2 |     3 |     2 ||    11
       Phantom mirror    |       |       |       |       |       |       |       |       |     1 ||     1
       Tin of tremorston |       |       |       |       |       |       |       |       |     1 ||     1
  Use: Scroll            |       |     3 |    12 |     5 |    20 |    16 |     9 |     6 |    64 ||   135
       Potion            |       |     2 |       |       |     1 |     5 |     6 |     5 |    61 ||    80
Armor: Robe              |    17 |    26 |    24 |       |       |       |       |       |       ||    67
       Ring mail         |       |       |    25 |   191 |   301 |       |       |       |       ||   517
       Skin              |       |       |       |       |    51 |       |       |   172 |  1647 ||  1870
       Chain mail        |       |       |       |       |    88 |   577 |   346 |   145 |       ||  1156
       Scale mail        |       |       |       |       |       |       |       |     5 |   103 ||   108
       Gold dragon scale |       |       |       |       |       |       |       |       |   808 ||   808
       Plate armour      |       |       |       |       |       |       |       |       |   438 ||   438
       Storm dragon scal |       |       |       |       |       |       |       |       |    18 ||    18
Dodge: Dodged            |    36 |    70 |    85 |   286 |   550 |   501 |   333 |   406 |  4360 ||  6627
Block: Buckler           |       |       |    15 |   154 |   240 |       |       |       |       ||   409
       Kite shield       |       |       |       |       |   115 |  1209 |  1211 |  1116 |   174 ||  3825
       Reflection        |       |       |       |       |       |    66 |   124 |    84 |   334 ||   608
       Tower shield      |       |       |       |       |       |       |       |       | 16214 || 16214

Table legend: (Time is in decaauts)
 A = Elapsed time spent in this place.
 B = Non-inter-level travel time spent in this place.
 C = Inter-level travel time spent in this place.
 D = Time resting spent in this place.
 E = Time spent auto-exploring this place.
 F = Levels seen in this place.
 G = Mean time per level.
                   A        B        C        D        E       F      G
               +--------+--------+--------+--------+--------+-----+--------+
         Total | 159993 | 138958 |  21035 |  29890 |  69483 | 118 | 1355.9 |
       Dungeon |  33445 |  25344 |   8101 |   8342 |  12198 |  15 | 2229.7 |
          Lair |  11565 |  10022 |   1543 |   2481 |   5956 |   6 | 1927.5 |
         Swamp |   6646 |   6024 |    622 |   2229 |   2873 |   4 | 1661.5 |
     Snake Pit |   8238 |   7624 |    614 |   2120 |   4188 |   4 | 2059.5 |
    Slime Pits |   1649 |   1317 |    332 |    367 |    296 |   5 |  329.8 |
  Orcish Mines |   3381 |   3035 |    346 |   1470 |   1044 |   2 | 1690.5 |
   Elven Halls |   4337 |   3880 |    457 |    238 |   2677 |   3 | 1445.7 |
        Vaults |  12888 |  11484 |   1404 |   2853 |   5841 |   5 | 2577.6 |
         Crypt |   4499 |   4070 |    429 |      0 |   2784 |   3 | 1499.7 |
          Tomb |   2910 |   2585 |    325 |    677 |    962 |   3 |  970.0 |
        Depths |  16908 |  14159 |   2749 |   5181 |   5997 |   5 | 3381.6 |
          Hell |   3012 |   2535 |    477 |   1740 |    296 |   1 | 3012.0 |
           Dis |   7490 |   6885 |    605 |    457 |   3601 |   7 | 1070.0 |
       Gehenna |   5823 |   5074 |    749 |    306 |   1639 |   7 |  831.9 |
       Cocytus |   6425 |   5843 |    582 |     93 |   3290 |   7 |  917.9 |
      Tartarus |   9670 |   8676 |    994 |    123 |   4332 |   7 | 1381.4 |
           Zot |   7742 |   7041 |    701 |    571 |   4788 |   5 | 1548.4 |
         Abyss |   5361 |   5361 |      0 |    127 |   2667 |   8 |  670.1 |
   Pandemonium |   6859 |   6859 |      0 |    434 |   3607 |   9 |  762.1 |
      Ziggurat |   1071 |   1071 |      0 |     77 |    442 |  11 |   97.4 |
         Trove |     61 |     61 |      0 |      0 |      0 |   1 |   61.0 |
               +--------+--------+--------+--------+--------+-----+--------+

Top non-repeatable levels by time:
    D:10: 4878 daAuts
Depths:1: 4702 daAuts
Vaults:3: 3951 daAuts
Depths:5: 3494 daAuts
    D:11: 3291 daAuts
 Abyss:1: 3271 daAuts
Vaults:4: 3214 daAuts
Depths:3: 3195 daAuts
    Hell: 3012 daAuts
    D:14: 2979 daAuts
Depths:2: 2895 daAuts
    D:13: 2844 daAuts
Vaults:1: 2747 daAuts
Depths:4: 2621 daAuts
  Lair:4: 2559 daAuts
